 Dungeon Crawl Stone Soup version 0.31-a0-620-gd1cbd99268 (webtiles) character file.

Game seed: 4631504544819236777

1187 Maratek the Chopper (level 8, 0/48 (62) HPs)
             Began as a Demonspawn Berserker on Aug 23, 2023.
             Was an Elder of Trog.
             Slain by a wight
             ... wielding a +0 hand axe
              (6 damage)
             ... on level 5 of the Dungeon.
             The game lasted 00:12:09 (7459 turns).

Maratek the Chopper (Demonspawn Berserker)          Turns: 7459, Time: 00:12:10

HP:   0/48 (62)     AC:  7    Str: 20    XL:     8   Next: 19%
MP:   8/8           EV: 13    Int:  9    God:    Trog [****..]
Gold: 293           SH:  0    Dex: 12    Spells: 7/7 levels left

rFire   . . .        a - +0 hand axe
rCold   . . .        (no shield)
rNeg    . . .        b - +0 animal skin
rPois   .            t - +2 hat
rElec   .            g - +2 cloak
rCorr   .            (no gloves)
SInv    .            (no boots)
Will    .....        (no amulet)
Stlth   ++           (no ring)
HPRegen 0.28/turn    (no ring)
MPRegen 0.11/turn

%: no passive effects
@: heavily drained
A: hooves 2, foul stench 2
a: Renounce Religion, Berserk, Trog's Hand, Brothers in Arms


You were on level 5 of the Dungeon.
You worshipped Trog.
Trog was greatly pleased with you.
You visited 1 branch of the dungeon, and saw 6 of its levels.
You also visited: Sewer.

You collected 293 gold pieces.

Inventory:

Hand Weapons
 a - a +0 hand axe (weapon)
Armour
 b - a +0 animal skin (worn)
 g - a +2 cloak (worn)
 t - a +2 hat (worn)
Jewellery
 v - a ring of see invisible
Wands
 m - a wand of flame (38)
 n - a wand of polymorph (3)
 r - a wand of roots (9)
Scrolls
 f - 2 scrolls of revelation
 o - 3 scrolls of teleportation
 q - 3 scrolls of fear
 s - a scroll of enchant weapon
 u - a scroll of enchant armour
Potions
 c - 2 potions of might {unknown}
 d - 3 potions of enlightenment
 e - 3 potions of mutation
 h - a potion of brilliance {unknown}
 i - a potion of heal wounds {unknown}
 j - a potion of resistance {unknown}
 l - a potion of magic {unknown}
 p - 5 potions of curing {unknown}
 w - a potion of degeneration {unknown}


   Skills:
 + Level 5.2 Fighting
 + Level 6.5 Axes
 + Level 1.8 Armour
 + Level 4.9 Dodging
 + Level 2.3 Stealth
 + Level 0.4 Unarmed Combat


You had 7 spell levels left.
You didn't know any spells.
Your spell library was empty.

Dungeon Overview and Level Annotations

Branches:
Dungeon (6/15)             Temple (0/1) D:4           Sewer (visited)

Altars:
Ashenzari
Qazlal
Ru

Annotations:
D:4 1 runed translucent door, Crazy Yiuf


Innate Abilities, Weirdness & Mutations

You have hoof-like feet.
You sometimes emit foul miasma when damaged in melee.


Message History

You feel drained.
There is a stone staircase leading up, spattered with blood here.
You closely miss the wight. Your kick misses the wight.
You closely miss the wight. The wight hits you with a +0 mace.
You feel drained. The wight hits you with a +0 hand axe.
You feel drained.
You emit a cloud of foul miasma!
You hit the wight.
The wight is lightly damaged.
You hit the wight. The wight hits you but does no damage.
The wight barely misses you.
You hit the wight but do no damage. You kick the wight.
The wight is heavily damaged.
You hit the wight. The wight hits you with a +0 mace.
The wight barely misses you.
You hit the wight.
The wight is severely damaged.
You hit the wight. The wight hits you with a +0 mace!
You feel drained.
You emit a cloud of foul miasma!
The wight hits you with a +0 hand axe.
You feel drained.
You are too injured to fight recklessly!
You are too injured to fight recklessly!
You are too injured to fight recklessly!
You closely miss the wight.
The wight is severely damaged.
You hit the wight. The wight closely misses you.
The wight hits you with a +0 hand axe.
* * * LOW HITPOINT WARNING * * *
The wight hits you with a +0 mace!
* * * LOW HITPOINT WARNING * * *
You feel drained.
* * * LOW HITPOINT WARNING * * *
The wight barely misses you.
You climb upwards.
There is a stone staircase leading down here.
Things that are here:
a +0 robe; a +3 mace
Things that are here:
a +0 robe; a +0 long sword The wight attacks as it pursues you!
The wight hits you with a +0 hand axe.
You die...

#
#.####.###.#.#.#...#
#
#.#......#.#.#.#.###
# #.#....#.#.#.#.#.#
###.#..[.#.#.#.#.#.#
......#..#.#.#.#.#.#
.##.#.#..#...#.#.#.#
.##.#.#..#####.#.#.#
.##.#.#..>.......#.#
.##.#....#####..@#.#
###.##########.zz#.#
................>#.#
###########.##...#.#
#.##...#.#
#.##...#.# ####
#.##...#.# ...#
#.#......# ##.#
#(#.##.########


You could see 2 wights.

Vanquished Creatures
  Grinder (D:4)
  Edmund (D:4)
  An ogre (D:5)
  2 phantoms
  A hound (D:5)
  3 orc priests (D:5)
  A sleepcap (D:5)
  Natasha (D:3)
  Robin (D:4)
  3 gnolls (D:4)
  8 adders
  7 river rats
  2 shadow imps (D:5)
  4 worms
  11 orcs
  6 endoplasms
  7 giant cockroaches
  8 goblins
  12 hobgoblins
  10 jackals
  5 kobolds
  10 quokkas
  9 ball pythons
  17 bats
  3 frilled lizards
  4 rats
  A spectral hobgoblin (D:2)
139 creatures vanquished.

Vanquished Creatures (collateral kills)
  2 wights (D:5)
2 creatures vanquished.

Grand Total: 141 creatures vanquished

Notes
Turn   | Place    | Note
-------+----------+-------------------------------------------
     0 | D:1      | Maratek the Demonspawn Berserker began the quest for the
                  | Orb.
     0 | D:1      | Reached XP level 1. HP: 18/18 MP: 1/1
   264 | D:1      | Reached skill level 3 in Axes
   266 | D:1      | Gained mutation: You may rarely emit foul miasma when
                  | damaged in melee. [demonic ancestry]
   266 | D:1      | Reached XP level 2. HP: 14/24 MP: 2/2
  1090 | D:2      | Reached XP level 3. HP: 29/29 MP: 3/3
  1102 | D:2      | Reached ** piety under Trog
  1513 | D:2      | Found a faded altar of an unknown god.
  2061 | D:3      | Found a stormy altar of Qazlal.
  2182 | D:3      | Noticed Natasha
  2195 | D:3      | Killed Natasha
  2196 | D:3      | Gained mutation: You sometimes emit foul miasma when
                  | damaged in melee. [demonic ancestry]
  2196 | D:3      | Reached XP level 4. HP: 10/35 MP: 4/4
  2335 | D:3      | Reached skill level 1 in Stealth
  2448 | D:3      | Identified the +2 leather armour of Sunlight {rPois Str+5}
  2533 | D:3      | Found a glowing drain.
  2557 | Sewer    | Entered a sewer
  2621 | Sewer    | Reached skill level 4 in Axes
  2621 | Sewer    | Discovered your monstrous ancestry.
  2621 | Sewer    | Gained mutation: You have large cloven feet. [demonic
                  | ancestry]
  2621 | Sewer    | Reached XP level 5. HP: 38/42 MP: 5/5
  2621 | Sewer    | Reached *** piety under Trog
  3305 | D:3      | You fall into a shaft and drop 2 floors!
  3305 | D:5      | Entered Level 5 of the Dungeon
  3472 | D:5      | Noticed a phantom
  3491 | D:5      | Killed a phantom
  3492 | D:5      | Reached XP level 6. HP: 29/48 MP: 6/6
  3860 | D:4      | Reached **** piety under Trog
  3950 | D:4      | Reached skill level 5 in Axes
  4116 | D:4      | Noticed Robin
  4139 | D:4      | Killed Robin
  4366 | D:4      | Found a staircase to the Ecumenical Temple.
  4456 | D:4      | Found a broken altar of Ashenzari.
  4456 | D:4      | Found a sacrificial altar of Ru.
  4513 | D:4      | Noticed Grinder
  4515 | D:4      | Paralysed by Grinder for 2 turns
  4525 | D:4      | Paralysed by Grinder for 2 turns
  4537 | D:4      | Killed Grinder
  4538 | D:4      | Reached XP level 7. HP: 46/55 MP: 7/7
  5090 | D:4      | Found a runed translucent door.
  5091 | D:4      | Noticed Crazy Yiuf
  5153 | D:4      | Noticed Edmund
  5164 | D:4      | Killed Edmund
  5316 | D:4      | Reached skill level 6 in Axes
  6370 | D:5      | Gained mutation: You have hoof-like feet. [demonic
                  | ancestry]
  6370 | D:5      | Reached XP level 8. HP: 59/61 MP: 8/8
  6474 | D:5      | Reached skill level 5 in Fighting
  7160 | D:6      | HP: 1/52 [wight/+3 mace (8)]
  7459 | D:5      | Slain by a wight

Illustrated notes

Levels and vault maps discovered:
D:1:      roderic_crop_circles_arrival_small, layout_basic,
          supply_closet_lemuel, nicolae_kite_square_tiling_tiny,
          grunt_decor_arrowhead
D:2:      layout_loops_ring, dreamdust_ecumenical_altar_drowned_temple,
          st_stairs_14
D:3:      layout_loops_ring, nicolae_qazlal_general_emergency,
          portal_sewer_entry_a, chequers_decorated_corner, uniq_natasha
D:4:      layout_basic, jmf_multi_god_temple, minmay_temple_entry_glassed_door,
          uniq_grinder, uniq_crazy_yiuf_cottage, uniq_robin, uniq_edmund
D:5:      layout_basic, minmay_pentangle
D:6:      layout_loops_ring, serial_shops, shop, uniq_pikel

Skill      XL: |  1  2  3  4  5  6  7  8 |
---------------+-------------------------+-----
Axes           | 3 4 5 6 |  6.5
Dodging        | 2 3 4 |  4.9
Stealth        | 1 2 |  2.3
Fighting       | 4 5 |  5.2
Armour         | |  1.8
Unarmed Combat | |  0.4

Action                     |  1- 3 |  4- 6 |  7- 9 || total
---------------------------+-------+-------+-------++-------
  Melee: Hand axe          |   234 |   232 |    93 ||   559
         Punch             |     3 |     4 |       ||     7
         Kick              |       |    50 |    41 ||    91
         Unarmed           |       |     4 |       ||     4
 Invoke: Berserk           |       |     1 |     2 ||     3
    Use: Scroll            |     5 |     7 |     4 ||    16
         Potion            |       |       |     1 ||     1
   Stab: Sleeping          |     3 |     1 |       ||     4
 Armour: Animal skin       |    46 |    84 |    32 ||   162
  Dodge: Dodged            |   108 |   182 |    68 ||   358

Table legend: (Time is in decaauts)
 A = Elapsed time spent in this place.
 B = Non-inter-level travel time spent in this place.
 C = Inter-level travel time spent in this place.
 D = Time resting spent in this place.
 E = Time spent auto-exploring this place.
 F = Levels seen in this place.
 G = Mean time per level.
                   A        B        C        D        E       F      G
               +--------+--------+--------+--------+--------+-----+--------+
         Total |   7705 |   7441 |    264 |   1615 |   4475 |   7 | 1100.7 |
       Dungeon |   6867 |   6603 |    264 |   1615 |   3939 |   6 | 1144.5 |
         Sewer |    838 |    838 |      0 |      0 |    536 |   1 |  838.0 |
               +--------+--------+--------+--------+--------+-----+--------+

Top non-repeatable levels by time:
     D:5: 2048 daAuts
     D:4: 1849 daAuts
     D:1: 1026 daAuts
     D:2: 963 daAuts
     D:3: 942 daAuts
   Sewer: 838 daAuts
     D:6: 37 daAuts
